 Dungeon Crawl Stone Soup version 0.27.1-1-g398f81649c (webtiles) character file.

Game seed: 8293389004817999096

107 Metae the Shield-Bearer (level 4, -2/41 HPs)
             Began as a Minotaur Fighter on Sept 19, 2021.
             Slain by a gnoll (8 damage)
             ... on level 4 of the Dungeon.
             The game lasted 00:06:31 (2030 turns).

Metae the Shield-Bearer (Minotaur Fighter)          Turns: 2030, Time: 00:06:32

Health: -2/41      AC:  0    Str: 22    XL:     4   Next: 56%
Magic:  3/3        EV:  7    Int:  5    God:
Gold:   107        SH:  9    Dex:  9    Spells: 3/3 levels left

rFire    . . .     SeeInvis .   a - +0 trident
rCold    . . .     Faith    .   c - +0 kite shield
rNeg     . . .     Spirit   .   b - +0 scale mail
rPois    .         Reflect  .   (helmet restricted)
rElec    .         Harm     .   (no cloak)
rCorr    .         Rampage  .   (no gloves)
Will     .....                  e - +0 pair of boots
Stlth    ..........             (no amulet)
HPRegen  0.13/turn              (no ring)
MPRegen  0.08/turn              (no ring)

@: corroded
A: horns 2, retaliatory headbutt
a: no special abilities


You were on level 4 of the Dungeon.
You visited 1 branch of the dungeon, and saw 4 of its levels.

You collected 107 gold pieces.

Inventory:

Hand Weapons
 a - a +0 trident (weapon)
 f - a +0 spear of venom
Armour
 b - a +0 scale mail (worn)
 c - a +0 kite shield (worn)
 e - a +0 pair of boots (worn)
 n - a +0 plate armour
Scrolls
 g - a scroll of fear {unknown}
 h - a scroll of acquirement {unknown}
 l - a scroll of blinking {unknown}
 m - 3 scrolls of enchant armour {unknown}
Potions
 d - a potion of might
 i - 2 potions of berserk rage {unknown}
 j - a potion of mutation {unknown}
 k - a potion of heal wounds {unknown}


   Skills:
 + Level 4.5 Fighting
 + Level 3.5 Polearms
 + Level 4.5 Armour
 + Level 4.5 Shields


You had 3 spell levels left.
You didn't know any spells.
Your spell library contained the following spells:

 Spells                   Type           Power      Damage    Failure   Level
 Ensorcelled Hibernation  Hex/Ice        0%         N/A       100%        2
 Spider Form              Tmut/Pois      0%         N/A       100%        3
 Shadow Creatures         Summ           N/A        N/A       100%        6


Dungeon Overview and Level Annotations

Branches:
Dungeon (4/15)
 Temple: D:4-7

Altars:


Innate Abilities, Weirdness & Mutations

You have a pair of horns on your head.
You reflexively headbutt those who attack you in melee.


Message History

The gnoll hits you but does no damage. You block the gnoll's attack.
A jelly comes into view.
The jelly quivers.
You puncture the gnoll!
You kill the gnoll!
You block the gnoll's attack. The gnoll hits you but does no damage.
The gnoll hits you from afar with a +0 spear.
The gnoll hits you with a +0 spear.
You see here a +0 club.
You hit the gnoll.
The gnoll is lightly wounded.
You block the gnoll's attack. The gnoll hits you with a +0 spear.
You barely miss the gnoll.
The gnoll is lightly wounded.
You block the gnoll's attack. x3
You puncture the gnoll! Your headbutt misses the gnoll.
The gnoll is almost dead.
You block the gnoll's attack. x2
You block the gnoll's attack. The gnoll hits you with a +0 spear.
You hit the gnoll.
The gnoll is heavily wounded.
The gnoll hits you with a +0 spear. The gnoll barely misses you.
You closely miss the gnoll. You headbutt the gnoll!
You kill the gnoll!
The gnoll completely misses you. The jelly hits you but does no damage.
You hit the jelly.
Your hands burn!
The jelly is lightly wounded.
The gnoll barely misses you. You block the jelly's attack.
The gnoll hits you but does no damage.
You hit the jelly but do no damage. The acid corrodes you!
Your hands burn!
You headbutt the jelly!
The jelly is severely wounded.
You block the jelly's attack. The gnoll hits you with a +0 spear.
The jelly hits you. The acid corrodes you!
You are splashed with acid!
* * * LOW HITPOINT WARNING * * *
You hit the jelly.
Your hands burn!
* * * LOW HITPOINT WARNING * * *
The jelly is almost dead.
The gnoll hits you with a +0 spear!
You die...

#.# #.# #.# #.#
#.# #.#
#..#.####g########
........<)@J...<..
......############
#.###


You could see a jelly and a gnoll.

Vanquished Creatures
  3 gnolls (D:4)
  2 adders
  A dart slug (D:1)
  An orc (D:4)
  6 ball pythons
  8 endoplasms
  5 giant cockroaches
  4 goblins
  4 hobgoblins
  2 kobolds (D:2)
  3 quokkas
  6 bats
  2 frilled lizards
  3 rats
50 creatures vanquished.

Notes
Turn   | Place    | Note
-------+----------+-------------------------------------------
     0 | D:1      | Metae the Minotaur Fighter began the quest for the Orb.
     0 | D:1      | Reached XP level 1. HP: 19/19 MP: 0/0
    98 | D:1      | Found a faded altar of an unknown god.
   231 | D:1      | Reached XP level 2. HP: 25/27 MP: 1/1
   802 | D:2      | Reached XP level 3. HP: 31/33 MP: 2/2
  1799 | D:3      | Reached XP level 4. HP: 41/41 MP: 3/3
  2030 | D:4      | Slain by a gnoll

Illustrated notes

Levels and vault maps discovered:
D:1:      dpeg_arrival_oval, layout_rooms, ebering_ecumenical_altar_ruins,
          minmay_misc_feat_tiny, minmay_misc_feat_plants
D:2:      layout_basic, hangedman_decor_points, chequers_serial_rivers_micro_d
D:3:      layout_rooms
D:4:      layout_loops_ring, kennysheep_okawaru_gauntlet, amcnicky_altar_gilded,
          nicolae_uskayaw_murder_on_the_dancefloor, nicolae_vehumet_radiance

Skill      XL: |  1  2 |
---------------+-------+-----
Fighting       | 4 |  4.5
Armour         | 4 |  4.5
Shields        | 4 |  4.5
Polearms       | 3 |  3.5

Action                   |  1- 3 |  4- 6 || total
-------------------------+-------+-------++-------
Melee: Trident           |   107 |    18 ||   125
       Headbutt          |    11 |     3 ||    14
Armor: Scale mail        |    61 |     4 ||    65
Dodge: Dodged            |    29 |     5 ||    34
Block: Kite shield       |    48 |    16 ||    64
